 Dungeon Crawl Stone Soup version 0.26-a0-540-g8a0c9464d7 (webtiles) character file.

Game seed: 12964762566302363962

722 Gorglomux the Skirmisher (level 7, -9/63 HPs)
             Began as a Palentonga Fighter on Aug 21, 2020.
             Shot with an arrow by a centaur (10 damage)
             ... on level 6 of the Dungeon.
             The game lasted 00:05:23 (5287 turns).

Gorglomux the Skirmisher (Palentonga Fighter)       Turns: 5287, Time: 00:05:23

Health: -9/63      AC:  6    Str: 18 (21) XL:     7   Next: 43%
Magic:  7/7        EV:  5    Int:  8 (9)  God:
Gold:   272        SH:  8    Dex:  7 (9)  Spells: 6/6 levels left

rFire    . . .     SeeInvis +   a - +0 war axe
rCold    . . .     Faith    .   c - +0 kite shield
rNeg     . . .     Spirit   .   b - +0 scale mail
rPois    .         Reflect  .   (no helmet)
rElec    .         Harm     .   (no cloak)
rCorr    .                      (no gloves)
MR       .....                  (boots restricted)
Stlth    ..........             (no amulet)
HPRegen  0.20/turn              (no ring)
MPRegen  0.10/turn              (no ring)

@: stab
A: large, rugged brown scales 3, see invisible, deformed body, roll, armoured
tail
a: Rolling Charge


You were on level 6 of the Dungeon.
You visited 1 branch of the dungeon, and saw 6 of its levels.

You collected 272 gold pieces.

Inventory:

Hand Weapons
 a - a +0 war axe (weapon)
Missiles
 Z - a throwing net
Armour
 b - a +0 scale mail (worn)
 c - a +0 kite shield (worn)
Jewellery
 q - an uncursed amulet of faith {unknown}
 t - an uncursed amulet of faith {unknown}
Wands
 m - a wand of disintegration (4)
Scrolls
 g - a scroll of random uselessness {unknown}
 h - 3 scrolls of identify {unknown}
 j - 2 scrolls of remove curse {unknown}
 l - 3 scrolls of teleportation {unknown}
 n - a scroll of fear {unknown}
 p - a scroll of enchant armour {unknown}
 s - a scroll of amnesia {unknown}
Potions
 d - a potion of might
 e - a potion of lignification {unknown}
 f - 2 potions of stabbing
 i - 2 potions of degeneration
 k - a potion of flight {unknown}
 o - a potion of heal wounds {unknown}
 r - a potion of ambrosia {unknown}
 Q - 4 potions of curing


   Skills:
 + Level 6.5 Fighting
 + Level 6.1 Axes
 - Level 2.4 Armour
 - Level 2.4 Shields


You had 6 spell levels left.
You didn't know any spells.
Your spell library contained the following spells:

 Spells                   Type           Power        Failure   Level
 Magic Dart               Conj           #...         99%         1
 Blink                    Tloc           N/A          100%        2
 Call Imp                 Summ           #.......     100%        2
 Slow                     Hex            #.......     100%        2
 Conjure Flame            Conj/Fire      #.......     100%        3
 Mephitic Cloud           Conj/Pois/Air  #.......     100%        3


Dungeon Overview and Level Annotations

Branches:
Dungeon (6/15)
 Temple: D:4-7

Altars:
Ashenzari
Fedhas
Qazlal
Sif Muna
Trog
Xom

Annotations:
D:2 1 runed translucent door, Crazy Yiuf
D:4 1 runed translucent door, XanderDroid's ghost, amateur GnWn
D:5 1 exclusion


Innate Abilities, Weirdness & Mutations

You are completely covered in rugged brown scales. (AC +3, +7% HP)
You have supernaturally acute eyesight. (SInv)
Armour fits poorly on your strangely shaped body.
You can roll at foes to attack.
You have a long armoured tail.


Message History

The centaur is moderately wounded.
You block the centaur's attack.
The centaur hits you but does no damage.
You hit the centaur but do no damage.
The centaur is moderately wounded.
The centaur barely misses you. You block the centaur's attack.
A centaur comes into view.
The centaur shouts!
The centaur hits you.
Found a shattered altar of Ashenzari.
The centaur hits you but does no damage.
The centaur wields a +0 shortbow.
The centaur shoots an arrow.
The arrow hits you. The centaur hits you.
It was a potion of stabbing.
You feel ready to backstab.
The centaur shoots an arrow.
You block the arrow.
The centaur hits you but does no damage.
You block the centaur's attack.
An orc comes into view. It is wielding a +0 war axe.
Evoke which item? (* to show all) (? for menu, Esc to quit)
Press: ? - help, Shift-Dir - straight line, f - centaur
Aim: a centaur, wielding a +0 shortbow and quivering 24 arrows (chance to defeat MR: 65%)
The centaur struggles to resist.
The centaur hits you but does no damage.
The centaur shoots an arrow.
The arrow barely misses you.
The orc throws a boomerang.
The boomerang hits you.
The weapon returns to the orc!
Evoke which item? (* to show all) (? for menu, Esc to quit)
Aiming: Disintegrate
Press: ? - help, Shift-Dir - straight line, f/p - centaur
Aim: a centaur, wielding a +0 shortbow and quivering 23 arrows (chance to defeat MR: 65%)
The centaur struggles to resist.
The centaur closely misses you.
The centaur shoots an arrow.
The arrow hits you!
* * * LOW HITPOINT WARNING * * *
You block the centaur's attack.
The centaur shoots an arrow.
The arrow hits you but does no damage. The centaur hits you.
* * * LOW HITPOINT WARNING * * *
The centaur shoots an arrow.
The arrow hits you!
* * * LOW HITPOINT WARNING * * *
The orc throws a boomerang.
The boomerang hits you but does no damage.
The weapon returns to the orc!
It was a potion of degeneration.
There was something very wrong with that liquid.
You feel weakened.
You feel dopey.
You feel clumsy. The centaur hits you.
* * * LOW HITPOINT WARNING * * *
The centaur shoots an arrow.
The arrow hits you!
You die...

....._.....
.....(.....
#...........
##..# #c.....
##...# #.... .
##..# #..# ..#
...#
#..#####...#
#..##
#...c......#
##..#
##..(@.....o.
#..##
#.†......##..
##..#
##..#....##
#..##
##..#....##
##..#
##...#....#
#..###...##...##
##..##..##...##
#..†....#....#
..........## .##


You could see 2 centaurs and an orc.

Vanquished Creatures
  An ogre (D:5)
  2 scorpions
  A howler monkey (D:4)
  An orc priest (D:4)
  A centaur skeleton (D:5)
  A hound (D:5)
  Natasha (twice) (D:2)
  2 orc wizards
  A worker ant (D:6)
  A hound zombie (D:6)
  3 gnolls (D:5)
  14 adders
  3 oozes
  5 worms
  5 dart slugs
  2 leopard geckos
  5 orcs
  4 giant cockroaches
  6 goblins
  7 hobgoblins
  6 jackals
  A quokka (D:2)
  3 ball pythons
  9 bats
  8 frilled lizards
  A giant cockroach zombie (D:5)
  A kobold (D:1)
  2 leopard gecko skeletons (D:5)
  2 rats
100 creatures vanquished.

Notes
Turn   | Place    | Note
-------+----------+-------------------------------------------
     0 | D:1      | Gorglomux the Palentonga Fighter began the quest for the
                  | Orb.
     0 | D:1      | Reached XP level 1. HP: 19/19 MP: 1/1
   197 | D:1      | Reached XP level 2. HP: 25/25 MP: 2/2
   633 | D:2      | Noticed Natasha
   638 | D:2      | HP: 1/25 [jackal (2)]
   643 | D:2      | Noticed a crimson imp
   643 | D:2      | Noticed a crimson imp
   646 | D:1      | Reached XP level 3. HP: 9/31 MP: 3/3
   899 | D:2      | Reached skill level 3 in Axes
  1101 | D:2      | Found a runed translucent door.
  1102 | D:2      | Noticed Crazy Yiuf
  1347 | D:2      | Killed Natasha
  1347 | D:2      | Reached XP level 4. HP: 27/39 MP: 4/4
  1834 | D:2      | Noticed Natasha
  1837 | D:2      | Killed Natasha
  1947 | D:3      | Reached XP level 5. HP: 28/46 MP: 5/5
  2142 | D:3      | Found a stormy altar of Qazlal.
  2150 | D:3      | Found a blossoming altar of Fedhas.
  2817 | D:4      | Reached XP level 6. HP: 48/54 MP: 6/6
  3152 | D:4      | Found a shimmering altar of Xom.
  3793 | D:4      | Found a runed translucent door.
  3793 | D:4      | Noticed XanderDroid's ghost (amateur GnWn)
  4023 | D:5      | Entered Level 5 of the Dungeon
  4038 | D:5      | Reached skill level 6 in Fighting
  4040 | D:5      | Reached XP level 7. HP: 13/62 MP: 7/7
  4669 | D:5      | Found a shimmering blue altar of Sif Muna.
  5139 | D:5      | Found a bloodstained altar of Trog.
  5242 | D:6      | Reached skill level 6 in Axes
  5280 | D:6      | Found a shattered altar of Ashenzari.
  5286 | D:6      | HP: 3/63 [centaur/arrow (7)]
  5287 | D:6      | HP: 1/63 [centaur (2)]
  5287 | D:6      | Shot with an arrow by a centaur

Illustrated notes

Levels and vault maps discovered:
D:1:      zelgadis_glass_arrival_small, layout_loops_ring, kennysheep_crisscross
D:2:      layout_basic, uniq_natasha, uniq_crazy_yiuf_cottage
D:3:      layout_loops_ring, grunt_temple_overflow_forces_of_nature
D:4:      layout_basic, kennysheep_mini, ebering_ghost_sewer_d
D:5:      layout_loops_cross, kennysheep_mini_moat, tgw_sif
D:6:      layout_layer_cave, basic_altar, nicolae_dithmenos_the_darkroom,
          uniq_prince_ribbit1

Skill      XL: |  1  2  3  4  5  6  7 |
---------------+----------------------+-----
Axes           | 3 4 5 6 |  6.1
Fighting       | 4 5 6 |  6.5
Armour         | |  2.4
Shields        | |  2.4

Action                   |  1- 3 |  4- 6 |  7- 9 || total
-------------------------+-------+-------+-------++-------
Melee: War axe           |    85 |   179 |    53 ||   317
       Tailslap          |     4 |    15 |     9 ||    28
 Abil: Rolling Charge    |    20 |    22 |    11 ||    53
Evoke: Wand              |       |    10 |     2 ||    12
  Use: Potion            |     1 |       |     2 ||     3
Armor: Scale mail        |    60 |    80 |    30 ||   170
Dodge: Dodged            |    29 |    45 |     9 ||    83
Block: Kite shield       |    62 |    91 |    22 ||   175

Table legend: (Time is in decaauts)
 A = Elapsed time spent in this place.
 B = Non-inter-level travel time spent in this place.
 C = Inter-level travel time spent in this place.
 D = Time resting spent in this place.
 E = Time spent auto-exploring this place.
 F = Levels seen in this place.
 G = Mean time per level.
                   A        B        C        D        E       F      G
               +--------+--------+--------+--------+--------+-----+--------+
         Total |   5416 |   5266 |    150 |    214 |   4334 |   6 |  902.7 |
       Dungeon |   5416 |   5266 |    150 |    214 |   4334 |   6 |  902.7 |
               +--------+--------+--------+--------+--------+-----+--------+

Top non-repeatable levels by time:
     D:4: 1351 daAuts
     D:5: 1209 daAuts
     D:2: 1041 daAuts
     D:1: 904 daAuts
     D:3: 837 daAuts
     D:6: 72 daAuts
